 Dungeon Crawl Stone Soup version 0.28-a0-79-g444c7a33f5 (webtiles) character file.

Game seed: 14403966025459710790

380 SolCadguy the Chopper (level 6, -1/43 HPs)
             Began as a Palentonga Hedge Wizard on Aug 3, 2021.
             Slain by Crazy Yiuf (9 damage)
             ... on level 4 of the Dungeon.
             The game lasted 00:15:46 (5271 turns).

SolCadguy the Chopper (Palentonga Hedge Wizard)     Turns: 5271, Time: 00:15:46

Health: -1/43      AC:  5    Str: 16    XL:     6   Next: 46%
Magic:  8/10       EV:  9    Int: 14    God:
Gold:   210        SH:  0    Dex:  9    Spells: 1/11 levels left

rFire   . . .      SeeInvis +   q - +0 war axe
rCold   . . .      Faith    .   (no shield)
rNeg    . . .      Spirit   .   s - +0 troll leather armour {Purgy}
rPois   .          Reflect  .   c - +0 hat
rElec   .          Harm     .   (no cloak)
rCorr   .          Rampage  .   (no gloves)
Will    .....                   (no barding)
Stlth   +.........              (no amulet)
HPRegen 1.14/turn               (no ring)
MPRegen 0.12/turn               (no ring)

@: no status effects
A: large, rugged brown scales 3, see invisible, deformed body, roll 1, armoured
tail
a: Rolling Charge


You were on level 4 of the Dungeon.
You visited 1 branch of the dungeon, and saw 6 of its levels.

You collected 210 gold pieces.

Inventory:

Hand Weapons
 a - a +0 dagger
 g - a +0 club
 m - a +0 whip
 q - a +0 war axe (weapon)
Missiles
 i - 8 boomerangs (quivered)
Armour
 b - a +0 robe
 c - a +0 hat (worn)
 o - a +0 leather armour
 s - a +0 troll leather armour (worn) {Purgy}
Scrolls
 e - a scroll of amnesia
 f - a scroll of identify
 l - a scroll of immolation {unknown}
 n - a scroll of enchant armour {unknown}
 r - a scroll of vulnerability {unknown}
 x - a scroll of noise {unknown}
Potions
 d - a potion of haste
 h - a potion of invisibility
 j - a potion of heal wounds
 t - a potion of curing
 u - a potion of flight {unknown}
 v - a potion of mutation {unknown}
 w - a potion of degeneration {unknown}


   Skills:
 + Level 5.4(5.6) Axes
 - Level 1.7(3.8) Maces & Flails
 - Level 1.5 Dodging
 - Level 1.2 Stealth
 - Level 3.0 Spellcasting
 - Level 0.8 Conjurations
 - Level 0.7 Summonings
 - Level 3.0 Translocations


You had one spell level left.
You knew the following spells:

 Your Spells              Type           Power      Damage    Failure   Level
a - Magic Dart            Conj           16%        1d3       19%         1
b - Blink                 Tloc           N/A        N/A       12%         2
c - Call Imp              Summ           4%         N/A       30%         2
d - Slow                  Hex            2%         N/A       36%         2
e - Mephitic Cloud        Conj/Pois/Air  2%         N/A       56%         3

Your spell library contained the following spells:

 Spells                   Type           Power      Damage    Failure   Level
 Conjure Flame            Conj/Fire      3%         6-21      54%         3
 Summon Guardian Golem    Hex/Summ       3%         N/A       56%         3
 Orb of Destruction       Conj           2%         9d1       100%        7
 Spellforged Servitor     Conj/Summ      2%         N/A       100%        7


Dungeon Overview and Level Annotations

Branches:
Dungeon (6/15)
 Temple: D:4-7

Altars:

Shops:
D:4 (   D:5 [

Annotations:
D:3 Sigmund
D:4 Crazy Yiuf


Innate Abilities, Weirdness & Mutations

You are completely covered in rugged brown scales. (AC +3, +7% HP)
You have supernaturally acute eyesight. (SInv)
Armour fits poorly on your strangely shaped body.
You can roll at nearby foes to attack.
You have a long armoured tail.


Message History

The magic dart hits the jelly.
The jelly is severely wounded.
Casting: Magic Dart (safe; 19% risk of failure)
Confirm with . or Enter, or press ? or * to list all spells.
Aiming: Magic Dart (safe; 19% risk of failure)
Press: ? - help, Shift-Dir - straight line, f/p - jelly
Aim: a jelly (severely wounded, 100% to hit)
The magic dart hits the jelly.
The jelly is almost dead.
Your magical contamination has completely faded away.
You slash the jelly!
You kill the jelly!
You start resting.
Magic restored.
Your movement speed is average.
Your attack delay is about 1.2.
You see here an adder corpse.
You see here a +0 club.
There is a stone staircase leading up here.
There is an open gate here.
There is an entrance to Ypnau's Weapon Emporium here.
There is an open gate here.
There is a stone staircase leading up here.
As you open the door, it creaks loudly!
Crazy Yiuf shouts!
You slash Crazy Yiuf!
Crazy Yiuf is heavily wounded.
Crazy Yiuf hits you with a +3 quarterstaff of chaos!
You closely miss Crazy Yiuf.
Crazy Yiuf is heavily wounded.
Crazy Yiuf hits you with a +3 quarterstaff of chaos!
You closely miss Crazy Yiuf. You tail-slap Crazy Yiuf!
Crazy Yiuf is almost dead.
Crazy Yiuf whimpers, "Flower testudinal sing!"
Crazy Yiuf hits you with a +3 quarterstaff of chaos!
* * * LOW HITPOINT WARNING * * *
Crazy Yiuf draws strength from your wounds!
Casting: Magic Dart (safe; 19% risk of failure)
Confirm with . or Enter, or press ? or * to list all spells.
You blink.
Crazy Yiuf hits you with a +3 quarterstaff of chaos!
You die...

.......#
#..............### #.
.......#
#.##########...######.
.......#####.#
#..............
............##
######.#######.
.......###### #...#
###. .......###..#
##### #.#.# #...
#.#######..## #..)#
###.# #.#. #.# #..##
#...# #.# #.#.
#.######.#### #@..#
#.# #... #.#.........#
##g## #.## #..#
#...#####...# ♣♣§♣
#..# #..# ..### #...#
♣.♣♣ ##.# #..# ..#
#...# ♣♣.♣ #.###..#
..# ###.# ♣.♣♣
####....... .## #.#
♣♣.♣♣ #....###..# ##
#.# ♣...♣♣ #.........#
# #.# ♣PPP.♣
#.....###.#


You could see Crazy Yiuf.

Vanquished Creatures
  A bullfrog zombie (D:3)
  A hound (D:4)
  A jelly (D:4)
  An orc priest (D:2)
  An iguana (D:4)
  Natasha (D:3)
  Robin (D:4)
  5 adders
  An adder skeleton (D:4)
  A worm (D:3)
  2 dart slugs
  3 orcs
  7 ball pythons
  4 endoplasms
  3 giant cockroaches
  17 goblins
  11 hobgoblins
  8 jackals
  5 kobolds
  A quokka (D:4)
  2 frilled lizards
  3 rats
80 creatures vanquished.

Vanquished Creatures (collateral kills)
  Purgy (D:3)
1 creature vanquished.

Grand Total: 81 creatures vanquished

Notes
Turn   | Place    | Note
-------+----------+-------------------------------------------
     0 | D:1      | SolCadguy the Palentonga Hedge Wizard began the quest for
                  | the Orb.
     0 | D:1      | Reached XP level 1. HP: 13/13 MP: 4/4
   796 | D:1      | Reached XP level 2. HP: 20/20 MP: 0/6
   799 | D:1      | Learned a level 2 spell: Blink
   802 | D:1      | Learned a level 2 spell: Call Imp
  1782 | D:2      | Reached XP level 3. HP: 14/25 MP: 7/7
  1978 | D:2      | Reached skill level 1 in Maces & Flails
  2729 | D:2      | Reached skill level 1 in Axes
  2729 | D:2      | Reached XP level 4. HP: 10/32 MP: 0/8
  3126 | D:2      | Reached skill level 2 in Axes
  3741 | D:3      | Noticed Purgy
  3756 | D:3      | Killed Purgy
  3757 | D:3      | Reached skill level 3 in Axes
  3757 | D:3      | Reached XP level 5. HP: 17/37 MP: 0/9
  4113 | D:3      | Reached skill level 4 in Axes
  4296 | D:3      | Learned a level 2 spell: Slow
  4300 | D:3      | Learned a level 3 spell: Mephitic Cloud
  4345 | D:3      | Noticed Natasha
  4348 | D:3      | Noticed Sigmund
  4351 | D:3      | Killed Natasha
  4554 | D:4      | Found a runed translucent door.
  4555 | D:4      | Noticed Crazy Yiuf
  4615 | D:4      | Reached XP level 6. HP: 33/43 MP: 10/10
  4648 | D:4      | Noticed Robin
  4672 | D:4      | Killed Robin
  4811 | D:4      | You fall into a shaft and drop 2 floors!
  4818 | D:6      | Noticed a water moccasin
  4836 | D:5      | Entered Level 5 of the Dungeon
  4836 | D:5      | Found Xomido Cueze's Armour Shoppe.
  4842 | D:5      | Noticed an ice beast
  4910 | D:4      | Reached skill level 5 in Axes
  5038 | D:4      | Found Ypnau's Weapon Emporium.
  5271 | D:4      | Slain by Crazy Yiuf

Illustrated notes

Levels and vault maps discovered:
D:1:      sevenhm_arrival_forest_fort_large_4, layout_loops_ring
D:2:      layout_loops_ring
D:3:      layout_loops_corners, uniq_natasha, uniq_purgy, uniq_sigmund
D:4:      layout_rooms, kennysheep_windowed_goal, uniq_robin,
          uniq_crazy_yiuf_cottage
D:5:      layout_rooms, serial_shops, nicolae_shop_waterfront, minivault_1
D:6:      layout_gridville, temple_pool_b, st_stairs_10, minmay_misc_feat_doors

Skill      XL: |  1  2  3  4  5  6 |
---------------+-------------------+-----
Translocations | 2 3 |  3.0
Maces & Flails | 1 |  1.7
Axes           | 1 3 4 5 |  5.4
Dodging        | |  1.5
Stealth        | |  1.2
Spellcasting   | |  3.0
Conjurations   | |  0.8
Summonings     | |  0.7

Action                   |  1- 3 |  4- 6 || total
-------------------------+-------+-------++-------
Melee: Dagger            |    42 |       ||    42
       Tailslap          |    11 |    22 ||    33
       Whip              |    81 |    28 ||   109
       Club              |       |    27 ||    27
       War axe           |       |   138 ||   138
Throw: Boomerang         |     1 |     2 ||     3
 Cast: Magic Dart        |    44 |    44 ||    88
       Call Imp          |     1 |     2 ||     3
       Blink             |     1 |    11 ||    12
       Slow              |       |     1 ||     1
 Abil: Rolling Charge    |    25 |    24 ||    49
  Use: Potion            |       |     4 ||     4
       Scroll            |       |     6 ||     6
Armor: Robe              |    41 |    12 ||    53
       Troll leather arm |       |    71 ||    71
Dodge: Dodged            |    41 |   123 ||   164

Table legend: (Time is in decaauts)
 A = Elapsed time spent in this place.
 B = Non-inter-level travel time spent in this place.
 C = Inter-level travel time spent in this place.
 D = Time resting spent in this place.
 E = Time spent auto-exploring this place.
 F = Levels seen in this place.
 G = Mean time per level.
                   A        B        C        D        E       F      G
               +--------+--------+--------+--------+--------+-----+--------+
         Total |   5279 |   5153 |    126 |   1635 |   2702 |   6 |  879.8 |
       Dungeon |   5279 |   5153 |    126 |   1635 |   2702 |   6 |  879.8 |
               +--------+--------+--------+--------+--------+-----+--------+

Top non-repeatable levels by time:
     D:2: 1939 daAuts
     D:3: 1301 daAuts
     D:1: 1200 daAuts
     D:4: 786 daAuts
     D:6: 27 daAuts
     D:5: 25 daAuts
